 Dungeon Crawl Stone Soup version 0.31-a0-963-ga325b2283a (webtiles) character file.

Game seed: 12749392232393805652

63 BinkBink the Trooper (level 4, -1/28 HPs)
             Began as a Tengu Fighter on Oct 24, 2023.
             Slain by Grinder (7 damage)
             ... on level 3 of the Dungeon.
             The game lasted 00:01:47 (1849 turns).

BinkBink the Trooper (Tengu Fighter)                Turns: 1849, Time: 00:01:49

Health: -1/28      AC:  6    Str: 16    XL:     4   Next: 9%
Magic:  5/5        EV:  9    Int:  9    God:
Gold:   145        SH:  5    Dex: 15    Spells: 3/3 levels left

rFire   . . .        a - +0 long sword
rCold   . . .        c - +0 buckler
rNeg    . . .        b - +0 scale mail
rPois   .            (helmet restricted)
rElec   .            (no cloak)
rCorr   .            (no gloves)
SInv    .            (boots unavailable)
Will    .....        (no amulet) Stlth
                     (no ring)
HPRegen 0.24/turn    (no ring)
MPRegen 0.09/turn

%: acrobat
@: no status effects
A: beak, talons 3, acrobatic
a: no special abilities


You were on level 3 of the Dungeon.
You visited 1 branch of the dungeon, and saw 3 of its levels.

You collected 145 gold pieces.

Inventory:

Hand Weapons
 a - a +0 long sword (weapon)
Armour
 b - a +0 scale mail (worn)
 c - a +0 buckler (worn)
Scrolls
 e - 2 scrolls of vulnerability {unknown}
 f - a scroll of identify {unknown}
 i - a scroll of enchant weapon {unknown}
Potions
 d - a potion of might
 g - 3 potions of curing {unknown}
 h - a potion of cancellation {unknown}
 j - a potion of degeneration {unknown}


   Skills:
 + Level 3.3 Fighting
 + Level 3.2 Long Blades
 - Level 3.2 Armour
 * Level 2.1 Dodging
 + Level 3.3 Shields


You had 3 spell levels left.
You didn't know any spells.
Your spell library was empty.

Dungeon Overview and Level Annotations

Branches:
Dungeon (3/15)

Altars:

Shops:
D:2 (

Annotations:
D:3 Grinder


Innate Abilities, Weirdness & Mutations

You have a beak for a mouth.
You have claws for feet.
You can magically evade attacks while moving or waiting.


Message History

Grinder misses you.
You barely miss Grinder. You peck Grinder.
Grinder is lightly wounded.
Grinder closely misses you.
You barely miss Grinder. You claw Grinder. Your peck misses Grinder.
Grinder is lightly wounded.
Grinder hits you.
You writhe in agony.
You block Grinder's attack.
You slash Grinder! You claw Grinder.
Grinder is heavily wounded.
Grinder blinks!
Found a mace.
Things that are here:
a +0 dagger; 2 stones Grinder completely misses you.
You slash Grinder!
Grinder is severely wounded.
Grinder gestures at you. Pain shoots through your body!
You slash Grinder! Your kick misses Grinder.
Grinder is almost dead.
Grinder hits you! Grinder closely misses you.
You are too injured to fight recklessly!
You are too injured to fight recklessly!
You barely miss Grinder. You claw Grinder, but do no damage.
Grinder is almost dead.
Grinder hits you.
* * * LOW HITPOINT WARNING * * *
You closely miss Grinder.
Grinder is almost dead.
Grinder hits you.
* * * LOW HITPOINT WARNING * * *
You writhe in agony.
* * * LOW HITPOINT WARNING * * *
You closely miss Grinder.
Grinder is almost dead.
An endoplasm comes into view.
Grinder gestures at you. You resist with significant effort. Grinder hits you!
You die...
Grinder says, "Now the real fun starts!"

.....# #......# #....#
#......# # #....#
#......# #. #....#
#......# #.# #...
#.......
###$.####.#######.......
#......†..$.............
#......)................
#?.....@................
.......5................
).......................
#.......................
#........$..............
#.......................
#..........J... .....
#.............. ....


You could see Grinder and an endoplasm (wandering).

Vanquished Creatures
  An adder (D:2)
  A worm (D:2)
  2 dart slugs
  3 ball pythons
  3 endoplasms (D:2)
  3 giant cockroaches
  2 hobgoblins (D:1)
  3 jackals (D:2)
  7 kobolds
  A quokka (D:1)
  9 bats
  6 goblins
  A rat (D:2)
42 creatures vanquished.

Notes
Turn   | Place    | Note
-------+----------+-------------------------------------------
     0 | D:1      | BinkBink the Tengu Fighter began the quest for the Orb.
     0 | D:1      | Reached XP level 1. HP: 14/14 MP: 2/2
   122 | D:1      | Reached XP level 2. HP: 18/19 MP: 3/3
   189 | D:1      | Reached skill level 1 in Dodging
   807 | D:2      | Reached XP level 3. HP: 19/23 MP: 4/4
   918 | D:2      | Found Naino's Antique Weapon Shop.
  1524 | D:2      | Reached XP level 4. HP: 28/28 MP: 5/5
  1833 | D:3      | Noticed Grinder
  1849 | D:3      | Slain by Grinder

Illustrated notes

Levels and vault maps discovered:
D:1:      co_arrival_square_in_a_square_in_a_square, layout_loops_ring
D:2:      layout_basic, serial_shops, shop, minmay_pentomino_p2
D:3:      layout_basic, uniq_natasha, uniq_grinder, uniq_jessica

Skill      XL: |  1  2  3 |
---------------+----------+-----
Dodging        | 1 2 |  2.1
Long Blades    | 3 |  3.2
Fighting       | |  3.3
Armour         | |  3.2
Shields        | |  3.3

Action                     |  1- 3 |  4- 6 || total
---------------------------+-------+-------++-------
  Melee: Long sword        |    88 |    18 ||   106
         Kick              |    17 |     5 ||    22
         Peck              |    12 |     2 ||    14
 Armour: Scale mail        |    53 |     7 ||    60
  Dodge: Dodged            |    54 |    12 ||    66
  Block: Buckler           |    28 |     4 ||    32

Table legend: (Time is in decaauts)
 A = Elapsed time spent in this place.
 B = Non-inter-level travel time spent in this place.
 C = Inter-level travel time spent in this place.
 D = Time resting spent in this place.
 E = Time spent auto-exploring this place.
 F = Levels seen in this place.
 G = Mean time per level.
                   A        B        C        D        E       F      G
               +--------+--------+--------+--------+--------+-----+--------+
         Total |   1879 |   1826 |     53 |      0 |   1579 |   3 |  626.3 |
       Dungeon |   1879 |   1826 |     53 |      0 |   1579 |   3 |  626.3 |
               +--------+--------+--------+--------+--------+-----+--------+

Top non-repeatable levels by time:
     D:2: 1050 daAuts
     D:1: 653 daAuts
     D:3: 175 daAuts
